 Dungeon Crawl Stone Soup version 0.24.1-8-ga250c9d538 (webtiles) character file.

Game seed: 645712655001665815, levelgen mode: deterministic

1013 Peloso the Slasher (level 8, 65/67 HPs)
             Began as a Demonspawn Fighter on May 9, 2020.
             Was a Follower of Okawaru.
             Got out of the dungeon alive.
             The game lasted 00:14:24 (5650 turns).

Peloso the Slasher (Demonspawn Fighter)             Turns: 5650, Time: 00:14:25

Health: 65/67      AC: 14    Str: 19    XL:     8   Next: 1%
Magic:  8/8        EV:  4    Int:  9    God:    Okawaru [*.....]
Gold:   330        SH: 10    Dex: 15    Spells: 7/7 levels left

rFire    + . .     SeeInvis .   a - +0 long sword
rCold    . . .     Gourm    .   c - +0 shield
rNeg     . . .     Faith    .   e - +0 plate armour
rPois    .         Spirit   .   (helmet restricted)
rElec    .         Reflect  .   (no cloak)
rCorr    .         Harm     .   (no gloves)
MR       .....                  (no boots)
Stlth    ..........             j - amulet of magic regeneration
HPRegen  0.21/turn              (no ring)
MPRegen  0.36/turn              (no ring)

@: no status effects
A: antennae 2, yellow scales 2, agile 1, fire resistance 1, high mp 1, robust 1,
flame cloud immunity, subdued magic 1
a: Heroism, Renounce Religion


You escaped.
You worshipped Okawaru.
Okawaru was aware of your devotion.
You were not hungry.

You visited 2 branches of the dungeon, and saw 6 of its levels.
You also visited: Ossuary.

You collected 330 gold pieces.

Inventory:

Hand Weapons
 a - a +0 long sword (weapon)
 b - a cursed -3 dagger
Armour
 c - a +0 shield (worn)
 e - a +0 plate armour (worn)
 q - a +1 helmet
Jewellery
 j - an amulet of magic regeneration (around neck)
Wands
 u - a wand of polymorph (5)
Scrolls
 g - 2 scrolls of teleportation {unknown}
 h - 4 scrolls of magic mapping
 i - a scroll of enchant weapon {unknown}
 k - 3 scrolls of remove curse {unknown}
 s - a scroll of blinking {unknown}
 v - 2 scrolls of identify
 y - a scroll of brand weapon {unknown}
 A - 2 scrolls of fog {unknown}
 C - a scroll of immolation {unknown}
Potions
 d - 3 potions of might
 l - 2 potions of resistance
 m - 4 potions of lignification {unknown}
 n - 2 potions of heal wounds
 o - a potion of ambrosia {unknown}
 p - 2 potions of invisibility
 r - 2 potions of flight {unknown}
 t - 4 potions of curing
 x - 2 potions of berserk rage {unknown}
 z - a potion of haste {unknown}
Comestibles
 f - 7 rations


   Skills:
 + Level 4.7 Fighting
 + Level 5.7 Long Blades
 + Level 4.2 Armour
 + Level 0.9 Dodging
 + Level 4.9 Shields
 + Level 0.1 Unarmed Combat


You had 7 spell levels left.
You didn't know any spells.
Your spell library contained the following spells:

 Spells                   Type           Power        Failure   Level  Hunger
 Corona                   Hex            #......      100%        1    ##.....
 Ensorcelled Hibernation  Hex/Ice        #.....       100%        2    ###....
 Confuse                  Hex            #.......     100%        3    ####...
 Dazzling Spray           Conj/Hex       #.....       100%        3    ####...
 Tukima's Dance           Hex            #.......     100%        3    ####...


Dungeon Overview and Level Annotations

Branches:
Dungeon (5/15)             Temple (1/1) D:4         Ossuary (visited)

Altars:
Ashenzari
Cheibriados
Dithmenos
Elyvilon
Fedhas
Gozag
Hepliaklqana
Kikubaaqudgha
Makhleb
Nemelex Xobeh
Okawaru
Qazlal
Ru
Sif Muna
Trog
Uskayaw
Vehumet
Wu Jian
Xom
Yredelemnul
Zin
The Shining One

Annotations:
D:4 2 runed translucent doors, Atelerd's ghost, amateur OpWz


Innate Abilities, Weirdness & Mutations

You are mostly covered in yellow scales. (AC +3)
Your flesh is heat resistant. (rF+)
You are immune to clouds of flame.
You have a pair of antennae on your head.
You are agile. (Dex +2)
You have an increased reservoir of magic. (+10% MP)
You are robust. (+10% HP)
Your spells are a little easier to cast, but a little less powerful.


Message History

There is an open door here.
There is an escape hatch in the ceiling here.
A mysterious force pulls you upwards. The hatch slams shut behind you.
Level annotation: 2 runed translucent doors, Atelerd's ghost, amateur OpWz You see here a +0 giant club.
There is a stone staircase leading up here.
You climb upwards.
There is a stone staircase leading down here.
You see here 8 stones.
You see here a war axe.
There is a stone staircase leading up here.
You climb upwards.
There is a stone staircase leading down here.
There is a stone staircase leading up here.
You climb upwards.
There is a stone staircase leading down here.
You see here 16 stones.
There is a staircase leading out of the dungeon here.
Are you sure you want to leave the Dungeon?
This will make you lose the game!
You have escaped!

.###.........####.###
.##...#.###.......####
.#...##...#..........#####
.#.#.####................#
.....######.........####.#
...(...# #.........#
##.######
.####################
#..##...##
.########.........#
#........##
................@.#
#.........#
.#########........#
#.........# ...#
##........# ###.........#
..##
##...#.....###..........##
..###
##...###....##.....##...##
....###...##
##.####.##########
###.##...## #.# #.#
#.#...## #.####.# #....##
#......#


There were no monsters in sight!

Vanquished Creatures
  An ogre (D:4)
  A necrophage (D:5)
  A scorpion (D:5)
  3 centaur zombies (Ossuary)
  4 hounds
  A centaur skeleton (D:4)
  A gnoll shaman (D:4)
  A jelly (D:5)
  Ijyb (D:3)
  A worker ant (D:4)
  2 ogre zombies (Ossuary)
  A big kobold zombie (Ossuary)
  Robin (D:3)
  7 mummies (Ossuary)
  12 adders
  5 gnolls (D:5)
  An ooze (D:3)
  4 adder zombies (Ossuary)
  3 worms
  3 dart slugs
  2 leopard geckos
  4 orcs
  6 bats
  4 giant cockroaches
  18 goblins
  10 hobgoblins
  5 kobolds
  3 quokkas
  4 ball pythons
  4 frilled lizards
  8 goblin zombies (Ossuary)
  8 hobgoblin zombies (Ossuary)
  A kobold zombie (Ossuary)
  2 quokka zombies (Ossuary)
  6 rats
  A rat zombie (Ossuary)
140 creatures vanquished.

Notes
Turn   | Place    | Note
-------+----------+-------------------------------------------
     0 | D:1      | Peloso the Demonspawn Fighter began the quest for the Orb.
     0 | D:1      | Reached XP level 1. HP: 18/18 MP: 1/1
   125 | D:1      | Gained mutation: Your flesh is heat resistant. (rF+)
                  | [demonic ancestry]
   125 | D:1      | Reached XP level 2. HP: 14/24 MP: 2/2
   439 | D:2      | Reached skill level 2 in Long Blades
   454 | D:2      | Reached XP level 3. HP: 18/29 MP: 3/3
  1449 | D:2      | Gained mutation: You are partially covered in yellow
                  | scales. (AC +2) [demonic ancestry]
  1449 | D:2      | Reached XP level 4. HP: 16/36 MP: 4/4
  2259 | D:3      | Noticed Robin
  2305 | D:3      | Reached skill level 3 in Long Blades
  2317 | D:3      | Killed Robin
  2317 | D:3      | Reached XP level 5. HP: 42/42 MP: 5/5
  2478 | D:3      | Noticed Ijyb
  2508 | D:3      | Killed Ijyb
  2952 | D:3      | Found a sacrificial altar of Ru.
  3145 | D:4      | You fall into a shaft and drop 1 floor!
  3145 | D:5      | Entered Level 5 of the Dungeon
  3154 | D:5      | Noticed a necrophage
  3163 | D:5      | Found a white marble altar of Elyvilon.
  3183 | D:4      | Found a staircase to the Ecumenical Temple.
  3267 | D:4      | Reached skill level 4 in Long Blades
  3267 | D:4      | Gained mutation: You are immune to clouds of flame.
                  | [demonic ancestry]
  3267 | D:4      | Reached XP level 6. HP: 26/48 MP: 6/6
  3274 | D:4      | Found a shadowy altar of Dithmenos.
  3279 | D:4      | Found a sand-covered staircase.
  3288 | Ossuary  | Entered an ossuary
  3899 | Ossuary  | Gained mutation: You are mostly covered in yellow scales.
                  | (AC +3) [demonic ancestry]
  3899 | Ossuary  | Reached XP level 7. HP: 30/55 MP: 7/7
  4357 | D:4      | Found a large runed translucent door.
  4358 | D:4      | Found a large runed translucent door.
  4361 | D:4      | Noticed Atelerd's ghost (amateur OpWz)
  4389 | D:4      | Reached skill level 5 in Long Blades
  4531 | Temple   | Entered the Ecumenical Temple
  4632 | Temple   | Became a worshipper of Warmaster Okawaru
  5435 | D:5      | Gained mutation: You are weak. (Str -2) [potion of
                  | mutation]
  5435 | D:5      | Gained mutation: You are frail. (-10% HP) [potion of
                  | mutation]
  5435 | D:5      | Gained mutation: Your body sometimes deteriorates upon
                  | taking damage. [potion of mutation]
  5435 | D:5      | Gained mutation: You have a pair of small antennae on your
                  | head. [potion of mutation]
  5455 | D:5      | Reached * piety under Okawaru
  5455 | D:5      | Reached XP level 8. HP: 23/54 MP: 8/8
  5458 | D:5      | Lost mutation: You are weak. (Str -2) [potion of mutation]
  5458 | D:5      | Lost mutation: Your body sometimes deteriorates upon taking
                  | damage. [potion of mutation]
  5458 | D:5      | Gained mutation: Your spells are a little harder to cast,
                  | but a little more powerful. [potion of mutation]
  5458 | D:5      | Gained mutation: You have a pair of antennae on your head.
                  | [potion of mutation]
  5459 | D:5      | Lost mutation: You are frail. (-10% HP) [potion of
                  | mutation]
  5459 | D:5      | Lost mutation: Your spells are a little harder to cast, but
                  | a little more powerful. [potion of mutation]
  5459 | D:5      | Gained mutation: You have an increased reservoir of magic.
                  | (+10% MP) [potion of mutation]
  5459 | D:5      | Gained mutation: You are robust. (+10% HP) [potion of
                  | mutation]
  5459 | D:5      | Gained mutation: Your spells are a little easier to cast,
                  | but a little less powerful. [potion of mutation]
  5459 | D:5      | Gained mutation: You are agile. (Dex +2) [potion of
                  | mutation]
  5650 | D:$      | Got out of the dungeon alive.

Levels and vault maps discovered:
D:1:      elethiomel_arrival_shortcut, layout_rooms
D:2:      layout_loops_ring, kennysheep_generic_room_13
D:3:      layout_loops_cross, nicolae_overflow_hidden_temple,
          minmay_misc_feat_doors, minmay_goblin_outpost, uniq_robin, uniq_ijyb
D:4:      layout_cave_pods, minmay_temple_entry_slanted,
          nicolae_ossuary_entry_ruins, ebering_ghost_disaster_area,
          serial_bayou_pond_e, kennysheep_cluttered_room,
          grunt_dithmenos_smoke_and_mirrors
D:5:      layout_basic, basic_altar, first_ration
Temple:   kilobyte_greek_temple

Skill      XL: |  1  2  3  4  5  6  7 |
---------------+----------------------+-----
Armour         | 3 4 |  4.2
Long Blades    | 2 3 4 5 |  5.7
Shields        | 3 4 |  4.9
Fighting       | 4 |  4.7
Dodging        | |  0.9
Unarmed Combat | |  0.1

Action                   |  1- 3 |  4- 6 |  7- 9 || total
-------------------------+-------+-------+-------++-------
Melee: Long sword        |   131 |   370 |   183 ||   684
       Unarmed           |       |    15 |       ||    15
  Use: Scroll            |     2 |     1 |     1 ||     4
       Potion            |       |     1 |     5 ||     6
  Eat: Chunk             |     1 |     7 |     5 ||    13
       Ration            |       |     1 |       ||     1
Armor: Scale mail        |    52 |       |       ||    52
       Plate armour      |    59 |   246 |   135 ||   440
       Skin              |       |     3 |       ||     3
Dodge: Dodged            |    30 |    38 |    26 ||    94
Block: Shield            |    93 |   171 |    87 ||   351
       Rpst.: Long sword |    10 |     5 |     8 ||    23
